 Dungeon Sprint DCSS version 0.27-a0-93-g19769c27d7 (webtiles) character file.

Game seed: 7036697985175233532

46 rocky1 the Digger (level 3, -1/46 HPs)
             Began as an Ogre Earth Elementalist on Jan 17, 2021.
             Was an Initiate of Okawaru.
             Incinerated by a deep elf mage (3 damage)
             ... with a sticky flame
             ... in the Dungeon (Sprint VII: "The Pits").
             The game lasted 00:01:42 (267 turns).

rocky1 the Digger (Ogre Earth Elementalist)          Turns: 267, Time: 00:01:43

Health: -1/46      AC:  3    Str: 12    XL:     3   Next: 66%
Magic:  5/6        EV: 10    Int: 17    God:    Okawaru [......]
Gold:   0          SH:  0    Dex:  9    Spells: 2/6 levels left

rFire    . . .     SeeInvis .   m - +2 mace
rCold    . . .     Faith    .   (no shield)
rNeg     . . .     Spirit   .   c - +0 robe
rPois    .         Reflect  .   (helmet restricted)
rElec    .         Harm     .   (no cloak)
rCorr    .         Rampage  .   (gloves unavailable)
Will     .....     NoTele   +   (boots unavailable)
Stlth    ..........             (no amulet)
HPRegen  0.15/turn              (no ring)
MPRegen  0.10/turn              (no ring)

@: berserking, liquid flames, glowing, very quick
A: large, unfitting armour, tough skin 1
a: Renounce Religion


You were in the Dungeon.
You worshipped Okawaru.
Okawaru was noncommittal.
You visited 1 branch

Inventory:

Hand Weapons
 m - a +2 mace (weapon)
Missiles
 b - 32 stones
Armour
 c - a +0 robe (worn)
Scrolls
 i - a scroll of blinking
 j - 3 scrolls of remove curse
 k - 5 scrolls of amnesia
 l - a scroll of summoning
Potions
 a - 2 potions of invisibility
 d - a potion of curing
 f - a potion of haste
 g - 4 potions of magic
 h - 2 potions of berserk rage


   Skills:
 - Level 1.7 Dodging
 - Level 1.4 Stealth
 - Level 2.4 Spellcasting
 - Level 0.8 Transmutations
 + Level 5.9 Earth Magic
 + Level 4.0 Invocations


You had 2 spell levels left.
You knew the following spells:

 Your Spells              Type           Power        Failure   Level
a - Sandblast             Erth           44%          1%          1
b - Stone Arrow           Conj/Erth      24%          17%         3

Your spell library contained the following spells:

 Spells                   Type           Power        Failure   Level
 Passwall                 Tmut/Erth      10%          7%          2
 Lee's Rapid Deconstruct  Erth           11%          41%         5
 Petrify                  Tmut/Erth      13%          43%         4


Dungeon Overview and Level Annotations

Branches:
Dungeon (1/1)

Altars:
Ashenzari
Cheibriados
Dithmenos
Elyvilon
Fedhas
Gozag
Hepliaklqana
Kikubaaqudgha
Makhleb
Nemelex Xobeh
Okawaru
Qazlal
Ru
Sif Muna
Trog
Uskayaw
Vehumet
Wu Jian
Xom
Yredelemnul
Zin
The Shining One
Beogh
Jiyva
Lugonu


Innate Abilities, Weirdness & Mutations

You are too large for most types of armour.
You have tough skin. (AC +1)


Message History

You feel yourself moving faster!
You feel mighty!
The deep elf mage hits you with a +0 rapier.
You barely miss the deep elf mage.
The deep elf mage gestures wildly while chanting.
You miss the deep elf mage. The fire elemental hits you.
The fire elemental burns you!
You barely miss the deep elf mage.
The deep elf mage completely misses you.
The fire elemental misses you.
You hit the deep elf mage.
The deep elf mage is lightly wounded.
The deep elf mage points at you and mumbles some strange words.
The sticky flame hits you.
You are covered in liquid flames!
The fire elemental hits you. The fire elemental burns you!
* * * LOW HITPOINT WARNING * * *
You sock the deep elf mage!
The deep elf mage is heavily wounded.
You are covered in liquid flames!
You die...

#_______...###########++
##########'##...........
#.?..')))'.##......#..#.
##########.##...........
#...........'...........
#+#####)#####......#..#.
#h #..)'.##...........
#..#...#E#####'#####++
#..#####@##.......#
#..h..☼#e##.......#
#..'..○Eg##.......#
#..########...<...# #.
#.......# # #.......#
#.......# #########


You could see a deep elf mage, 2 fire elementals and a goblin.

Vanquished Creatures
  A worker ant (D)
  An adder (D)
  A leopard gecko (D)
  2 hobgoblins (D)
  4 jackals (D)
  A kobold (D)
10 creatures vanquished.

Notes
Turn   | Place    | Note
-------+----------+-------------------------------------------
     0 | D        | rocky1 the Ogre Earth Elementalist began the quest for the
                  | Orb.
     0 | D        | Reached XP level 1. HP: 16/16 MP: 3/3
    13 | D        | Reached skill level 4 in Earth Magic
    13 | D        | Reached XP level 2. HP: 24/24 MP: 3/5
    43 | D        | Found a bloodstained altar of Trog.
    43 | D        | Found a shimmering blue altar of Sif Muna.
    43 | D        | Found a viscous altar of Jiyva.
    43 | D        | Found a hazy altar of Hepliaklqana.
    43 | D        | Found an opulent altar of Gozag.
    44 | D        | Found a glowing golden altar of the Shining One.
    44 | D        | Found a glowing silver altar of Zin.
    44 | D        | Found a basalt altar of Yredelemnul.
    44 | D        | Found a shimmering altar of Xom.
    44 | D        | Found an ornate altar of the Wu Jian Council.
    44 | D        | Found a sacrificial altar of Ru.
    44 | D        | Found a stormy altar of Qazlal.
    44 | D        | Found an iron altar of Okawaru.
    44 | D        | Found a sparkling altar of Nemelex Xobeh.
    44 | D        | Found a burning altar of Makhleb.
    44 | D        | Found a blossoming altar of Fedhas.
    44 | D        | Found a white marble altar of Elyvilon.
    44 | D        | Found a shadowy altar of Dithmenos.
    44 | D        | Found a snail-covered altar of Cheibriados.
    46 | D        | Found a radiant altar of Vehumet.
    46 | D        | Found a corrupted altar of Lugonu.
    46 | D        | Found a roughly hewn altar of Beogh.
    47 | D        | Found a hide-covered altar of Uskayaw.
    47 | D        | Found an ancient bone altar of Kikubaaqudgha.
    47 | D        | Found a broken altar of Ashenzari.
    52 | D        | Became a worshipper of Warmaster Okawaru
    74 | D        | Reached skill level 1 in Invocations
   176 | D        | Reached skill level 5 in Earth Magic
   176 | D        | Reached XP level 3. HP: 31/31 MP: 1/6
   225 | D        | Learned a level 3 spell: Stone Arrow
   260 | D        | Noticed a deep elf mage
   264 | D        | Noticed a fire elemental
   264 | D        | Noticed a fire elemental
   266 | D        | HP: 2/46 [fire elemental[a deep elf mage] (13)]
   267 | D        | Incinerated by a deep elf mage

Illustrated notes

Levels and vault maps discovered:
D:        pitsprint [storerooms_1, entrance_room_1, metal_vault_3, armoury_3,
          mini_pit_1, grid_room_1, main_hall_1, silver_pit, the_coven_1,
          the_vestibule_1, steel_vault_1, golden_pit, hallway_of_sentries,
          crystal_vault_3, iron_vault_2, final_vault]

Skill      XL: |  1  2  3 |
---------------+----------+-----
Earth Magic    | 4 5 |  5.9
Invocations    | 3 4 |  4.0
Dodging        | |  1.7
Stealth        | |  1.4
Spellcasting   | |  2.4
Transmutations | |  0.8

Action                   || total
-------------------------++-------
Melee: Mace              ||    26
 Cast: Sandblast         ||     8
  Use: Potion            ||     2
Armor: Robe              ||     7
Dodge: Dodged            ||    12

Table legend: (Time is in decaauts)
 A = Elapsed time spent in this place.
 B = Non-inter-level travel time spent in this place.
 C = Inter-level travel time spent in this place.
 D = Time resting spent in this place.
 E = Time spent auto-exploring this place.
 F = Levels seen in this place.
 G = Mean time per level.
                   A        B        C        D        E       F      G
               +--------+--------+--------+--------+--------+-----+--------+
         Total |    274 |    274 |      0 |    140 |      0 |   1 |  274.0 |
       Dungeon |    274 |    274 |      0 |    140 |      0 |   1 |  274.0 |
               +--------+--------+--------+--------+--------+-----+--------+

Top non-repeatable levels by time:
       D: 274 daAuts
